 Dungeon Crawl Stone Soup version 0.24-a0-809-g71cb82dfb8 (webtiles) character file.

Game seed: 104817245723759549, levelgen mode: deterministic

76 Kohma the Insei (level 4, -2/35 HPs)
             Began as a Draconian Transmuter on Oct 11, 2019.
             Was an Initiate of Ru.
             Slain by an orc
             ... wielding a +0 hand axe
              (7 damage)
             ... on level 2 of the Dungeon.
             The game lasted 00:07:16 (2344 turns).

Kohma the Insei (Draconian Transmuter)              Turns: 2344, Time: 00:07:17

Health: -2/35      AC:  2    Str: 12    XL:     4   Next: 12%
Magic:  1/7        EV: 19    Int: 13    God:    Ru [......]
Gold:   46         SH:  0    Dex: 18    Spells: 1/7 levels left

rFire    . . .     SeeInvis .     - Unarmed
rCold    . . .     Gourm    .   (shield currently unavailable)
rNeg     . . .     Faith    .   (armour unavailable)
rPois    x         Spirit   .   (helmet currently unavailable)
rElec    .         Reflect  .   (cloak currently unavailable)
rCorr    .         Harm     .   (gloves currently unavailable)
MR       .....                  (boots currently unavailable)
Stlth    ++........             (no amulet)
HPRegen  0.11/turn              (no ring)
MPRegen  0.10/turn              (no ring)

@: spider-form (expiring), very slightly contaminated
A: tiny, unfitting armour, AC +5
a: End Transformation, Renounce Religion


You were on level 2 of the Dungeon.
You worshipped Ru.
Ru was noncommittal.
You were very hungry.
You were a venomous arachnid creature.
You visited 1 branch of the dungeon, and saw 3 of its levels.

You collected 46 gold pieces.

Inventory:

Missiles
 a - 42 arrows
 i - 2 boomerangs (quivered)
Jewellery
 b - an uncursed ring of wizardry {unknown}
 g - an uncursed amulet of regeneration {unknown}
 q - an uncursed amulet of the acrobat {unknown}
Scrolls
 h - a scroll of amnesia {unknown}
 k - 2 scrolls of noise {unknown}
 l - a scroll of teleportation {unknown}
 m - a scroll of remove curse {unknown}
 n - a scroll of fear {unknown}
 o - 2 scrolls of enchant weapon {unknown}
 p - a scroll of immolation {unknown}
Potions
 d - 2 potions of curing {unknown}
 e - 2 potions of lignification {unknown}
 f - 2 potions of mutation {unknown}
 j - a potion of heal wounds {unknown}
Comestibles
 c - 5 rations
 r - 4 chunks of flesh


   Skills:
 - Level 1.1 Fighting
 - Level 1.7 Dodging
 - Level 5.0 Unarmed Combat
 - Level 2.0 Spellcasting
 + Level 2.0 Transmutations
 + Level 0.1 Poison Magic


You had one spell level left.
You knew the following spells:

 Your Spells              Type           Power        Failure   Level  Hunger
a - Beastly Appendage     Tmut           #.....       26%         1    ##.....
b - Sticks to Snakes      Tmut           #.......     36%         2    ###....
c - Spider Form           Tmut/Pois      #.........   65%         3    ####...

Your spell library contained the following spells:

 Spells                   Type           Power        Failure   Level  Hunger
 Ice Form                 Ice/Tmut       #.......     95%         4    #####..
 Blade Hands              Tmut           #.........   99%         5    ######.


Dungeon Overview and Level Annotations

Branches:
Dungeon (3/15)

Altars:
Okawaru
Ru


Innate Abilities, Weirdness & Mutations

((Your plain brown scales are hard. (AC +5)))
You cannot fit into any form of body armour.
((You are cold-blooded and may be slowed by cold attacks.))


Message History

Beogh smites you! The orc misses you.
You climb upwards.
There is a stone staircase leading down here.
Casting: Sticks to Snakes (safe; 17% risk of failure)
Confirm with . or Enter, or press ? or * to list all spells.
You turn into a venomous arachnid creature.
The orc misses you. The orc priest hits you with a +0 club.
* * * LOW HITPOINT WARNING * * *
The orc hits you with a +0 flail.
* * * LOW HITPOINT WARNING * * *
You bite the orc priest!
The orc priest is heavily wounded.
The orc misses you.
The orc priest casts a cantrip, but nothing happens.
You hit the orc priest but do no damage.
The orc priest is poisoned.
The orc priest is heavily wounded.
Your transformation is almost over.
The orc completely misses you. The orc hits you with a +0 hand axe!
You die...

######################
.......#.........#...############
...............o.#..............#
................s................
...............o.o...####...###.#
..............#........##....##.#
..............#...####.#......#.#
..............#......#.#.#....#..
..............'......#.#.#....###
..<...........#......#.#.#.(..###
............####.....#.#.#.......
........###.####.#####.#.#...###.


You could see an orc priest and 2 orcs.

Vanquished Creatures
  3 adders (D:2)
  An ooze (D:1)
  2 worms (D:2)
  A dart slug (D:1)
  An orc (D:3)
  3 giant cockroaches
  7 goblins
  6 hobgoblins
  5 kobolds
  2 quokkas (D:2)
  A ball python (D:1)
  2 bats (D:1)
  4 frilled lizards (D:1)
  3 rats
41 creatures vanquished.

Vanquished Creatures (collateral kills)
  An orc (D:3)
1 creature vanquished.

Grand Total: 42 creatures vanquished

Notes
Turn   | Place    | Note
-------+----------+-------------------------------------------
     0 | D:1      | Kohma the Draconian Transmuter began the quest for the Orb.
     0 | D:1      | Reached XP level 1. HP: 16/16 MP: 3/3
   508 | D:1      | Reached XP level 2. HP: 22/23 MP: 5/5
   529 | D:1      | Learned a level 2 spell: Sticks to Snakes
   797 | D:1      | Reached skill level 4 in Unarmed Combat
  1005 | D:1      | Reached XP level 3. HP: 23/28 MP: 4/6
  1539 | D:2      | Learned a level 3 spell: Spider Form
  1581 | D:2      | Found a faded altar of an unknown god.
  1816 | D:2      | Reached XP level 4. HP: 18/35 MP: 3/7
  2182 | D:2      | Found a sacrificial altar of Ru.
  2190 | D:2      | Became a worshipper of Ru the Awakened
  2221 | D:2      | Found an iron altar of Okawaru.
  2296 | D:3      | Reached skill level 5 in Unarmed Combat
  2344 | D:2      | Slain by an orc

Levels and vault maps discovered:
D:1:      scummos_arrival_hexagon, layout_basic
D:2:      layout_basic, kennysheep_okawaru_gauntlet, nicolae_ru_path_of_blood,
          first_ration, chequers_ecumenical_altar_simple_redux
D:3:      layout_rooms, lemuel_crystal_altar, lemuel_coloured_pillars_altar,
          gammafunk_ghost_smash

Skill      XL: |  1  2  3  4 |
---------------+-------------+-----
Unarmed Combat | 4 5 |  5.0
Fighting       | |  1.1
Dodging        | |  1.7
Spellcasting   | |  2.0
Transmutations | |  2.0
Poison Magic   | |  0.1

Action                   |  1- 3 |  4- 6 || total
-------------------------+-------+-------++-------
Melee: Unarmed           |   115 |    11 ||   126
       Kick              |    11 |       ||    11
       Headbutt          |     5 |       ||     5
       Tailslap          |     6 |     1 ||     7
       Punch             |     2 |       ||     2
Throw: Boomerang         |     9 |       ||     9
 Cast: Beastly Appendage |    18 |     1 ||    19
       Sticks to Snakes  |     3 |     2 ||     5
       Spider Form       |       |     1 ||     1
  Eat: Chunk             |     3 |     1 ||     4
Armor: Skin              |    40 |     6 ||    46
Dodge: Dodged            |    74 |    16 ||    90

Table legend:
 A = Non-vault XP
 B = Vault XP
 C = Vault XP percentage of total XP
 D = Non-vault monster count
 E = Vault monster count
 F = Vault count percentage of total count
                 A         B        C        D         E       F
            +---------+---------+-------+---------+---------+-------
      Total |     109 |       0 |   0.0 |      42 |       0 |   0.0
            +---------+---------+-------+---------+---------+-------
        D:1 |      43 |       0 |   0.0 |      23 |       0 |   0.0
        D:2 |      58 |       0 |   0.0 |      15 |       0 |   0.0
        D:3 |       8 |       0 |   0.0 |       4 |       0 |   0.0
            +---------+---------+-------+---------+---------+-------
